 Dungeon Sprint DCSS version 0.16.2-12-gd0ad4c3 (webtiles) character file.

1183 Horhen the Eclecticist (level 8, -18/41 HPs)
             Began as a Deep Elf Conjurer on Sept 24, 2015.
             Was a Follower of Vehumet.
             Shot with an arrow by a centaur warrior (32 damage)
             ... in the Dungeon (Sprint I: "Red Sonja").
             The game lasted 00:03:45 (589 turns).

Horhen the Eclecticist (Deep Elf Conjurer)           Turns: 589, Time: 00:03:45

Health: -18/41     AC:  2    Str:  5    XL:     8   Next: 19%
Magic:  4/33       EV: 13    Int: 23    God:    Vehumet [*.....]
Gold:   369        SH:  0    Dex: 15    Spells: 5 memorised, 23 levels left

rFire  . . .     SeeInvis .     h - +0 dagger
rCold  . . .     Clarity  .     a - +0 robe
rNeg   . . .     SustAb   .     (no shield)
rPois  .         Gourm    .     (no helmet)
rElec  .         Spirit   .     (no cloak)
rCorr  .         Warding  .     (no gloves)
rMut   .         NoTele   +     (no boots)
MR     .....                    (no amulet)
Stlth  ++........               (no ring)
                                (no ring)

@: not resistant to hostile enchantments, unstealthy
A: no striking features
a: Renounce Religion


You were in the Dungeon.
You worshipped Vehumet.
Vehumet was aware of your devotion.
You were not hungry.

You visited 1 branch You collected 405 gold pieces.
You spent 36 gold pieces at shops.

Inventory:

Hand weapons
 h - a +0 dagger (weapon)
Armour
 a - a +0 robe (worn)
Scrolls
 i - a scroll of blinking
 k - a scroll of remove curse
Potions
 d - a potion of curing
 e - a potion of heal wounds
 g - 2 potions of magic
Books
 c - a book of Conjurations

   Spells                             Type                      Level
   a - Magic Dart                     Conjuration                  1
   b - Searing Ray                    Conjuration                  2
   c - Dazzling Spray                 Conjuration/Hexes            3
   d - Fulminant Prism                Conjuration/Hexes            4
   e - Iskenderun's Mystic Blast      Conjuration                  4
   f - Iskenderun's Battlesphere      Conjuration/Charms           5
Comestibles
 b - a bread ration
 f - 3 chunks of flesh
 j - a meat ration


   Skills:
 - Level 2.4 Dodging
 - Level 2.4 Stealth
 * Level 16.3 Spellcasting
 + Level 13.5 Conjurations
 - Level 2.4 Charms


You had 23 spell levels left.
You knew the following spells:

 Your Spells              Type           Power        Failure   Level  Hunger
a - Magic Dart            Conj           ####         0%          1    None
b - Iskenderun's Battles  Conj/Chrm      ######..     3%          5    ##.....
c - Searing Ray           Conj           ######       0%          2    None
d - Iskenderun's Mystic   Conj           ######..     1%          4    None
e - Fulminant Prism       Conj/Hex       #####.....   1%          4    None


Dungeon Overview and Level Annotations

Branches:
Dungeon (1/1)

Altars:
Elyvilon
Gozag
Kikubaaqudgha
Makhleb
Nemelex Xobeh
Okawaru
Qazlal
Ru
Sif Muna
Trog
Vehumet
Xom
Yredelemnul
Zin
The Shining One

Shops:
D *


Message History

Confirm with . or Enter, or press ? or * to list all spells.
Aiming: Iskenderun's Mystic Blast
Press: ? - help, Shift-Dir - straight line, f - centaur warrior
Aim: a centaur warrior, wielding a shortbow (moderately wounded)
The orb of energy hits the centaur warrior.
The centaur warrior is almost dead.
The orb of energy explodes!
Your battlesphere fires!
The barrage of energy hits the centaur warrior.
You kill the centaur warrior!
Vehumet accepts your kill.
You can now gain magical power from killing.
Vehumet offers you knowledge of Shock.
Your Spellcasting skill gained 3 levels and is now at level 16!
Your Conjurations skill increases to level 13!
You have reached level 8!
You feel clever.
The centaur warrior shoots an arrow.
The arrow hits you!!
Ouch! That really hurt!
You die...

#..#####'#####'#
#..####..#...#[#
#.)#__####.(##T#
#..#_..__##'#..+
#⌠⌠#_.∩...'..c_#
####_..._##_.#'#
#_____###(#.#
#########.####(###
+@.§($).$$+
#(*.####### ##)##
#+#


You could see a centaur warrior and a deep troll.

Vanquished Creatures
  A centaur warrior (D)
  Sonja (D)
  A yak (D)
  An ogre (D)
  Sigmund (D)
  A jelly (D)
  Ijyb (D)
7 creatures vanquished.

Vanquished Creatures (others)
  5 fulminant prisms (D)
5 creatures vanquished.

Grand Total: 12 creatures vanquished

Notes
Turn   | Place    | Note
--------------------------------------------------------------
     0 | D        | Horhen, the Deep Elf Conjurer, began the quest for the Orb.
     0 | D        | Reached XP level 1. HP: 10/10 MP: 5/5
     2 | D        | Noticed Ijyb
    10 | D        | Killed Ijyb
    10 | D        | Reached skill level 6 in Conjurations
    10 | D        | Reached XP level 2. HP: 15/15 MP: 4/10
    22 | D        | Learned a level 2 spell: Searing Ray
    67 | D        | Noticed an ogre
    79 | D        | Killed an ogre
    79 | D        | Reached skill level 7 in Spellcasting
    79 | D        | Reached skill level 9 in Conjurations
    79 | D        | Reached XP level 3. HP: 19/19 MP: 3/17
    79 | D        | Reached XP level 4. HP: 24/24 MP: 3/20
    87 | D        | Learned a level 4 spell: Fulminant Prism
    92 | D        | Learned a level 4 spell: Iskenderun's Mystic Blast
   190 | D        | Noticed Sigmund
   209 | D        | Killed Sigmund
   209 | D        | Reached skill level 10 in Conjurations
   209 | D        | Reached XP level 5. HP: 17/28 MP: 4/23
   221 | D        | Learned a level 5 spell: Iskenderun's Battlesphere
   331 | D        | Found a deep blue altar of Sif Muna.
   332 | D        | Noticed a jelly
   333 | D        | Found a radiant altar of Vehumet.
   338 | D        | Killed a jelly
   368 | D        | Became a worshipper of Vehumet
   369 | D        | Found Uchuxilaig's General Store.
   369 | D        | Found a white marble altar of Elyvilon.
   369 | D        | Found a burning altar of Makhleb.
   369 | D        | Found a sacrificial altar of Ru.
   369 | D        | Found a glowing golden altar of the Shining One.
   369 | D        | Found an opulent altar of Gozag.
   369 | D        | Found a glowing silver altar of Zin.
   369 | D        | Noticed a yak
   371 | D        | Killed a yak
   371 | D        | Reached skill level 11 in Spellcasting
   371 | D        | Reached XP level 6. HP: 25/32 MP: 11/27
   372 | D        | Found a stormy altar of Qazlal.
   372 | D        | Found a basalt altar of Yredelemnul.
   372 | D        | Found an iron altar of Okawaru.
   372 | D        | Found a sparkling altar of Nemelex Xobeh.
   372 | D        | Found a shimmering altar of Xom.
   372 | D        | Found an ancient bone altar of Kikubaaqudgha.
   375 | D        | Found a bloodstained altar of Trog.
   379 | D        | Bought a scroll of remove curse for 36 gold pieces
   476 | D        | Noticed Sonja
   479 | D        | Killed Sonja
   479 | D        | Reached skill level 13 in Spellcasting
   479 | D        | Reached XP level 7. HP: 36/36 MP: 11/30
   569 | D        | Noticed a deep troll
   584 | D        | Noticed a centaur warrior
   587 | D        | Noticed a centaur warrior
   589 | D        | Killed a centaur warrior
   589 | D        | Acquired Vehumet's first power
   589 | D        | Offered knowledge of Shock by Vehumet.
   589 | D        | Reached skill level 16 in Spellcasting
   589 | D        | Reached XP level 8. HP: 14/41 MP: 4/33
   589 | D        | Shot with an arrow by a centaur warrior

Action                   |  1- 3 |  4- 6 |  7- 9 || total
-------------------------+-------+-------+-------++-------
Melee: Unarmed           |     5 |       |       ||     5
 Cast: Magic Dart        |     2 |       |       ||     2
       Searing Ray       |     1 |     4 |       ||     5
       Fulminant Prism   |       |     2 |     3 ||     5
       Iskenderun's Myst |       |     4 |     2 ||     6
       Iskenderun's Batt |       |     2 |     3 ||     5
  Use: Potion            |     2 |       |       ||     2
  Eat: Chunk             |       |       |     1 ||     1
